AoeStats
← Thorfinn

Golden Pit

509034833Analyzed
1v1 RM · 8d ago on Sep 25, 2026· 28m 15s· 2 players
Game mode
Random Map
Map size
Tiny (2 player)
Population
200
Speed
Normal
Resources
Standard
Victory
Conquest
Starting age
Dark Age
Ending age
Imperial Age
RankedLock teamsTeams togetherTeam positionsShared explorationLock speedFull tech treeHidden civsTurbo modeCheats
Victory
Defeat
🇨🇳 Hindustanis · China
959
+17
🇺🇾 Bohemians · Uruguay
980
-17
568140083
2:03 Loom
12:08 Feudal Age
13:51 Wheelbarrow
13:04 Double-Bit Axe
13:54 Town Watch
15:55 Forging
18:04 Horse Collar
23:42 Castle Age
22:44 Padded Archer Armor
22:35 Fletching
23:23 Bloodlines
23:43 Gold Mining
23:46 Stone Mining
24:49 Husbandry
25:29 Heavy Plow
25:38 Scale Barding Armor
28:46 Hand Cart
Thorfinn
7:44 Loom
10:14 Feudal Age
12:13 Double-Bit Axe
19:07 Castle Age
28:31 Fletching
Connection lost

Rejoining the realm…

Still unreachable

The connection could not be restored.

Session expired

The server has moved on; the page needs a fresh start.